AoeStats
← Hamza Khan

Black Forest

509753298Analyzed
4v4 RM · 5d ago on Sep 27, 2026· 31m 47s· 8 players
Game mode
Random Map
Map size
Large (8 player)
Population
200
Speed
Normal
Resources
Standard
Victory
Conquest
Starting age
Dark Age
Ending age
Imperial Age
RankedLock teamsTeams togetherTeam positionsShared explorationLock speedFull tech treeHidden civsTurbo modeCheats
Victory
Defeat
🇮🇳 Italians · India
888
+14
🇲🇽 Turks · Mexico
862
+15
🇬🇧 Maya · United Kingdom
823
+17
🇲🇽 Italians · Mexico
815
+16
🇸🇪 Burgundians · Sweden
855
-16
🇫🇷 Khmer · France
845
-16
🇫🇷 Huns · France
841
-16
🇫🇷 Britons · France
807
-14
Hamza Khan
0:29 Loom
12:38 Feudal Age
11:44 Double-Bit Axe
13:11 Wheelbarrow
13:09 Horse Collar
14:22 Bow Saw
14:22 Heavy Plow
19:22 Hand Cart
19:51 Hand Cart
21:39 Castle Age
20:04 Hand Cart
20:14 Stone Mining
20:18 Gold Mining
21:49 Stone Shaft Mining
22:12 Pikeman
22:52 Squires
23:38 Gold Shaft Mining
23:30 Elite Skirmisher
26:32 Two-Man Saw
27:17 Crop Rotation
Skaikru Raven
13:22 Loom
Ujio.AF
0:53 Loom
13:46 Feudal Age
14:06 Man-at-Arms
16:21 Wheelbarrow
17:12 Forging
18:57 Double-Bit Axe
18:55 Horse Collar
25:25 Castle Age
23:43 Fletching
26:22 Hand Cart
26:59 Bodkin Arrow
28:38 Bow Saw
zeren
10:16 Loom
12:48 Feudal Age
14:25 Horse Collar
14:34 Double-Bit Axe
15:11 Gold Mining
15:12 Stone Mining
22:32 Castle Age
23:31 Bow Saw
26:32 Wheelbarrow
26:46 Heavy Plow
27:28 Gold Shaft Mining
27:28 Hand Cart
27:27 Forging
27:22 Scale Barding Armor
27:21 Husbandry
27:31 Bloodlines
27:25 Caravan
30:13 Coinage
kuro3bb
0:40 Loom
12:31 Feudal Age
12:33 Man-at-Arms
14:15 Wheelbarrow
13:26 Double-Bit Axe
14:18 Forging
14:15 Fletching
20:11 Scale Mail Armor
24:17 Castle Age
27:02 Stone Mining
27:03 Gold Mining
28:01 Squires
27:39 Eagle Warrior
kunjos95
14:17 Feudal Age
18:42 Town Watch
21:58 Castle Age
20:34 Fletching
20:37 Double-Bit Axe
21:10 Stone Mining
25:13 Bodkin Arrow
27:44 Bow Saw
29:33 Horse Collar
memito101091
1:26 Loom
14:41 Feudal Age
17:08 Wheelbarrow
18:19 Man-at-Arms
19:44 Double-Bit Axe
26:24 Castle Age
25:53 Scale Barding Armor
26:50 Horse Collar
27:32 Husbandry
SYNC
0:28 Loom
13:42 Feudal Age
14:26 Gold Mining
14:22 Double-Bit Axe
14:17 Horse Collar
16:28 Stone Mining
21:57 Fishing Lines
27:21 Castle Age
28:23 Wheelbarrow
28:47 Thumb Ring
29:02 Heavy Plow
29:40 Stone Shaft Mining
29:17 Bow Saw
31:52 Silk Road
31:44 Caravan
32:09 Hand Cart
Connection lost

Rejoining the realm…

Still unreachable

The connection could not be restored.

Session expired

The server has moved on; the page needs a fresh start.